 Dungeon Crawl Stone Soup version 0.29.1-1-gd02db6906a (webtiles) character file.

Game seed: 1649308017854350471

40 H0rd4k the Insei (level 3, 0/23 HPs)
             Began as an Octopode Transmuter on Oct 21, 2022.
             Succumbed to a kobold's poison
             ... on level 3 of the Dungeon.
             The game lasted 00:00:51 (1472 turns).

H0rd4k the Insei (Octopode Transmuter)              Turns: 1472, Time: 00:00:52

Health: 0/23       AC:  1    Str:  6 (9)  XL:     3   Next: 50%
Magic:  6/6        EV: 13    Int: 15 (17) God:
Gold:   171        SH:  0    Dex: 11 (12) Spells: 5/6 levels left

rFire   . . .      SeeInvis .   n - +1 dagger (venom)
rCold   . . .      Faith    .   (no shield)
rNeg    . . .      Spirit   .   (helmet restricted)
rPois   .          Reflect  .   (no amulet)
rElec   .          Harm     .   (no ring)
rCorr   .          Rampage  .   (no ring)
Will    .....                   (no ring)
Stlth   ++........              (no ring)
HPRegen 0.07/turn               (no ring)
MPRegen 0.10/turn               (no ring)
                                (no ring)
                                (no ring)

@: lethally poisoned (0 -> -3)
A: almost no armour, amphibious, 8 rings, camouflage 1, gelatinous body 1,
(nimble swimmer 1), tentacles
a: no special abilities


You were on level 3 of the Dungeon.
You visited 1 branch of the dungeon, and saw 3 of its levels.

You collected 171 gold pieces.

Inventory:

Hand Weapons
 n - a +1 dagger of venom (weapon)
Scrolls
 b - 2 scrolls of brand weapon {unknown}
 d - 2 scrolls of enchant armour {unknown}
 g - 2 scrolls of vulnerability {unknown}
 j - a scroll of teleportation {unknown}
 k - 2 scrolls of fog {unknown}
Potions
 a - a potion of lignification
 c - a potion of magic {unknown}
 e - 2 potions of degeneration
 f - a potion of haste {unknown}
 h - a potion of brilliance {unknown}
 i - a potion of invisibility {unknown}
 l - a potion of mutation {unknown}
 m - a potion of curing {unknown}


   Skills:
 + Level 1.0 Fighting
 + Level 2.3 Dodging
 + Level 3.9 Unarmed Combat
 + Level 2.1 Spellcasting
 + Level 2.2 Transmutations


You had 5 spell levels left.
You knew the following spells:

 Your Spells              Type           Power      Damage    Failure   Level
a - Beastly Appendage     Tmut           16%        N/A       9%          1

Your spell library contained the following spells:

 Spells                   Type           Power      Damage    Failure   Level
 Wereblood                Tmut           8%         N/A       13%         2
 Spider Form              Tmut/Pois      4%         N/A       38%         3
 Frozen Ramparts          Ice            2%         1d1       54%         3
 Ice Form                 Ice/Tmut       4%         N/A       80%         4
 Summon Ice Beast         Ice/Summ       1%         N/A       91%         4


Dungeon Overview and Level Annotations

Branches:
Dungeon (3/15)

Altars:


Innate Abilities, Weirdness & Mutations

You cannot wear most types of armour.
You are amphibious.
You can wear up to eight rings at the same time.
Your skin changes colour to match your surroundings (Stealth+).
Your rubbery body absorbs attacks. (AC +1, EV +1)
((You are camouflaged when in or above water. (Stealth+)))
You have tentacles for arms and can constrict up to eight enemies at once.


Message History

You barely miss the quokka. Your squeeze misses the quokka.
You constrict the quokka. The quokka bites you.
There are monsters nearby!
You hit the quokka.
The quokka is poisoned.
The quokka is heavily wounded.
You constrict the quokka. The quokka bites you.
You hit the quokka.
You kill the quokka!
The kobold throws a poisoned dart.
The poisoned dart hits you!
You are poisoned.
A kobold is nearby!
You feel very sick. The kobold misses you.
You see here a quokka corpse.
A kobold is nearby!
You are too injured to fight recklessly!
A kobold is nearby!
You are too injured to fight recklessly!
A kobold is nearby!
You are too injured to fight recklessly!
A kobold is nearby!
You hit the kobold but do no damage. Your grab misses the kobold.
You feel sick. The kobold closely misses you.
You completely miss the kobold. Your grab misses the kobold.
You feel sick.
The kobold hits you with a +0 short sword.
* * * LOW HITPOINT WARNING * * *
You hit the kobold.
The kobold is poisoned.
Your grab misses the kobold. Your squeeze misses the kobold.
The kobold is moderately wounded.
* * * LOW HITPOINT WARNING * * *
You feel sick. The kobold closely misses you.
You hit the kobold.
You kill the kobold!
* * * LOW HITPOINT WARNING * * *
You feel sick.
Unknown command.
It was a potion of degeneration.
There was something very wrong with that liquid.
You feel weakened.
You feel dopey.
You feel clumsy.
You die...

#...#. #.#...#.# #....#..
#......### #######
#..#)....## #......
#.....#.#†# # #......
#...#..#.###?# #......
#...)#..##).# #......
#........@# #......
#.#...#.### #......
#$#.################......
#.........................
#############.............
#........####. #........#
##' #........# #..
#........# #..


There were no monsters in sight!

Vanquished Creatures
  An adder (D:2)
  2 dart slugs (D:1)
  3 bats
  2 endoplasms
  A giant cockroach (D:2)
  2 goblins
  5 hobgoblins
  2 kobolds (D:3)
  3 quokkas
  A ball python (D:1)
  A frilled lizard (D:1)
  A rat (D:1)
24 creatures vanquished.

Notes
Turn   | Place    | Note
-------+----------+-------------------------------------------
     0 | D:1      | H0rd4k the Octopode Transmuter began the quest for the Orb.
     0 | D:1      | Reached XP level 1. HP: 13/13 MP: 3/3
   183 | D:1      | Reached XP level 2. HP: 11/18 MP: 5/5
   834 | D:2      | Reached XP level 3. HP: 10/23 MP: 6/6
  1471 | D:3      | HP: 1/23 [poisoned by a kobold]
  1472 | D:3      | Succumbed to a kobold's poison

Illustrated notes

Levels and vault maps discovered:
D:1:      lightli_arrival_isolated_outpost, layout_rooms
D:2:      layout_loops_ring
D:3:      layout_basic, hellmonk_ecumenical_altar_zigzags,
          minmay_increasing_density, uniq_natasha

Action                   || total
-------------------------++-------
Melee: Unarmed           ||    51
       Constrict         ||    16
       Tentacles         ||    11
       Dagger            ||    10
  Use: Potion            ||     1
 Stab: Sleeping          ||     5
Armor: Skin              ||     5
Dodge: Dodged            ||    35
